 Dungeon Crawl Stone Soup version 0.28.0 (webtiles) character file.

Game seed: 5045605705340407892

58272 dipablo the Blocker (level 14, -6/113 HPs)
             Began as a Gnoll Fighter on Feb 7, 2022.
             Was the Champion of Cheibriados.
             Mangled by Kirke (15 damage)
             ... on level 13 of the Dungeon on Feb 8, 2022.
             The game lasted 00:53:01 (19979 turns).

dipablo the Blocker (Gnoll Fighter)                Turns: 19979, Time: 00:53:01

Health: -6/113     AC:  0    Str: 32    XL:     14   Next: 89%
Magic:  22/27      EV: 24    Int: 26    God:    Cheibriados [******]
Gold:   2065       SH:  5    Dex: 27    Spells: 29/32 levels left

rFire   . . .      SeeInvis .     - Unarmed
rCold   . . .      Faith    .   (shield currently unavailable)
rNeg    . . .      Spirit   .   (armour currently unavailable)
rPois   .          Reflect  +   (helmet currently unavailable)
rElec   .          Harm     .   (cloak currently unavailable)
rCorr   .          Rampage  .   (gloves currently unavailable)
Will    +....                   (boots currently unavailable)
Stlth   +++++.....              R - amulet of reflection
HPRegen 0.28/turn               (ring currently unavailable)
MPRegen 0.20/turn               (ring currently unavailable)

@: pig-form (expiring), slowed, very slow
A: fast, no casting, small, (fangs 1), strong nose, distributed training
a: Renounce Religion, Bend Time, Temporal Distortion, Slouch, Step From Time


You were on level 13 of the Dungeon.
You worshipped Cheibriados.
Cheibriados was exalted by your worship.
You were a filthy swine.
You visited 3 branches of the dungeon, and saw 20 of its levels.
You also visited: Volcano.

You collected 2065 gold pieces.

Inventory:

Hand Weapons
 S - a +2 demon trident of flaming (melded)
   (You found it in a volcano)
Missiles
 g - 479 stones
 q - 126 bolts
 v - 6 curare-tipped darts
 y - 5 boomerangs (quivered)
 L - 106 sling bullets
 Q - 22 poisoned darts
 U - 5 javelins
Armour
 m - a +1 cloak (melded)
   (You found it on level 5 of the Lair of Beasts)
 w - a +0 pair of boots (melded)
   (You found it on level 4 of the Dungeon)
 P - a +2 hat (melded)
   (You found it on level 8 of the Dungeon)
 T - a +1 kite shield of fire resistance (melded)
   (You found it in a volcano)
 V - a +3 chain mail of fire resistance (melded)
   (You found it in a volcano)
Jewellery
 t - a +4 ring of protection (melded)
   (You found it on level 3 of the Dungeon)
 E - a +6 ring of strength (melded)
   (You found it on level 5 of the Lair of Beasts)
 R - an amulet of reflection (around neck)
   (You found it on level 9 of the Dungeon)
Wands
 c - a wand of paralysis (9)
   (You found it on level 5 of the Dungeon)
 k - a wand of iceblast (17)
   (You found it on level 2 of the Dungeon)
 n - a wand of acid (5)
   (You found it on level 6 of the Lair of Beasts)
 F - a wand of mindburst (15)
   (You found it on level 6 of the Dungeon)
 M - a wand of flame (4)
   (You took it off Duvessa on level 7 of the Dungeon)
 X - a wand of digging (6)
   (You found it on level 3 of the Lair of Beasts)
Scrolls
 a - 2 scrolls of vulnerability {unknown}
 d - a scroll of enchant armour {unknown}
 f - 4 scrolls of magic mapping
 l - 2 scrolls of amnesia
 o - 6 scrolls of fear
 p - 3 scrolls of enchant weapon {unknown}
 u - 10 scrolls of teleportation
 A - 2 scrolls of summoning
 D - a scroll of fog {unknown}
 I - 4 scrolls of noise
 K - 2 scrolls of immolation
 N - 3 scrolls of blinking
 Z - a scroll of torment {unknown}
Potions
 b - 2 potions of might
 e - 4 potions of attraction {unknown}
 h - 4 potions of lignification
 i - a potion of invisibility {unknown}
 r - 2 potions of berserk rage {unknown}
 s - 2 potions of haste
 x - 3 potions of flight
 B - 2 potions of curing
 C - 2 potions of mutation {unknown}
 G - 4 potions of heal wounds
 H - a potion of resistance {unknown}
 J - 3 potions of degeneration {unknown}
 O - 2 potions of brilliance {unknown}
Miscellaneous
 j - a tin of tremorstones (2/2)
   (You found it on level 6 of the Lair of Beasts)
 W - a lightning rod (4/4)
   (You found it on level 3 of the Lair of Beasts)
 Y - a phial of floods
   (You found it on level 6 of the Lair of Beasts)


   Skills:
 + Level 11.6 Fighting
 + Level 9.6 Short Blades
 + Level 9.6 Long Blades
 + Level 10.7 Axes
 + Level 9.6 Maces & Flails
 + Level 9.6 Polearms
 + Level 9.6 Staves
 + Level 9.6 Slings
 + Level 9.6 Bows
 + Level 9.6 Crossbows
 + Level 9.6 Throwing
 + Level 11.6 Armour
 + Level 9.6 Dodging
 + Level 9.6 Stealth
 + Level 11.6 Shields
 + Level 9.6 Unarmed Combat
 + Level 9.6 Spellcasting
 + Level 8.0 Conjurations
 + Level 8.0 Hexes
 + Level 8.0 Summonings
 + Level 8.0 Necromancy
 + Level 8.0 Translocations
 + Level 8.0 Transmutations
 + Level 8.0 Fire Magic
 + Level 8.0 Ice Magic
 + Level 8.0 Air Magic
 + Level 8.0 Earth Magic
 + Level 8.0 Poison Magic
 + Level 10.5 Invocations
 + Level 9.6 Evocations


You had 29 spell levels left.
You knew the following spells:

 Your Spells              Type           Power      Damage    Failure   Level
z - Frozen Ramparts       Ice            100%       1d12      1%          3

Your spell library contained the following spells:

 Spells                   Type           Power      Damage    Failure   Level
 Foxfire                  Conj/Fire      100%       2x1d9     1%          1
 Freeze                   Ice            100%       1d11      1%          1
 Shock                    Conj/Air       100%       1d9       1%          1
 Blink                    Tloc           100%       N/A       1%          2
 Call Canine Familiar     Summ           53%        N/A       1%          3
 Conjure Flame            Conj/Fire      53%        6-21      1%          3
 Inner Flame              Hex/Fire       53%        N/A       1%          3
 Lesser Beckoning         Tloc           53%        N/A       1%          3
 Portal Projectile        Hex/Tloc       100%       N/A       1%          3
 Swiftness                Air            53%        N/A       1%          3
 Airstrike                Air            26%        N/A       1%          4
 Flame Wave               Conj/Fire      53%        2d11      1%          4
 Hailstorm                Conj/Ice       53%        3d12      1%          4
 Ice Form                 Ice/Tmut       53%        N/A       1%          4
 Leda's Liquefaction      Hex/Erth       26%        N/A       1%          4
 Summon Ice Beast         Ice/Summ       53%        N/A       1%          4
 Blade Hands              Tmut           26%        N/A       4%          5
 Excruciating Wounds      Necr           26%        N/A       4%          5
 Freezing Cloud           Conj/Ice/Air   26%        6-21      4%          5
 Manifold Assault         Tloc           53%        N/A       4%          5
 Summon Mana Viper        Hex/Summ       53%        N/A       4%          5
 Conjure Ball Lightning   Conj/Air       26%        3x3d7     26%         6
 Simulacrum               Ice/Necr       26%        N/A       26%         6
 Monstrous Menagerie      Summ           26%        N/A       83%         7


Dungeon Overview and Level Annotations

Branches:
Dungeon (13/15)            Temple (1/1) D:4            Lair (6/6) D:9
 Shoals (0/4) Lair:3        Snake (0/4) Lair:2        Slime (0/5) Lair:6
    Orc (0/2) D:10        Volcano (visited)
 Vaults: D:13-14

Altars:
Ashenzari
Cheibriados
Dithmenos
Elyvilon
Fedhas
Gozag
Hepliaklqana
Kikubaaqudgha
Makhleb
Nemelex Xobeh
Okawaru
Qazlal
Ru
Sif Muna
Trog
Uskayaw
Vehumet
Wu Jian
Xom
Yredelemnul
Zin
The Shining One
Jiyva

Shops:
D:9 =   D:11 *

Annotations:
D:10 1 runed translucent door, GilGalad's ghost, novice MiFi
D:13 Kirke
Lair:1 2 transporters, danielguo94's ghost, journeyman GrFi


Innate Abilities, Weirdness & Mutations

You are a filthy swine.
You move quickly.
Your equipment is almost entirely melded.
You are incapable of wielding weapons or throwing items.
You cannot cast spells.
((You have very sharp teeth.))
Your uncanny sense of smell can sniff out nearby items.
Your experience applies equally to all skills.


Message History

You impale the vampire mosquito!! You burn the vampire mosquito.
You destroy the vampire mosquito!
Cheibriados thoroughly appreciates the change of pace.
No target in view!
No target in view!
No target in view!
No target in view!
No target in view!
No target in view!
No target in view!
No target in view!
No target in view!
No target in view!
No target in view!
No target in view!
No target in view!
There is a stone staircase leading up here.
You see here the +7 arbalest of the Wheel {flame, rElec Str+8 Dex-3}.
You can't carry that many items.
Okay, then.
As you read the scroll of identify, it crumbles to dust.
l - 2 scrolls of amnesia
Okay, then.
As you read the scroll of identify, it crumbles to dust.
K - 2 scrolls of immolation A hog comes into view.
The hog squeals angrily.
You hear an angry squeal.
You hear a shout!
A hog comes into view.
Kirke, Weaver of Myths comes into view.
A hog comes into view.
Kirke drinks a potion.
Kirke seems to speed up.
A hog comes into view. x2
The hog squeals angrily.
You hear an angry squeal.
Kirke mumbles some strange words.
Kirke flickers and vanishes!
Deactivating autopickup; reactivate with Ctrl-A.
A hog comes into view.
You impale the hog!! You burn the hog.
You hear an angry squeal.
You block the hog's attack. The hog bites you but does no damage.
You puncture the hog! You burn the hog.
You kill the hog!
Cheibriados thoroughly appreciates the change of pace.
You puncture the hog! You burn the hog! You block the hog's attack.
You closely miss something. The hog misses you. You block the hog's attack.
You hear some strange, mumbled words.
You turn into a filthy swine.
Your +2 demon trident of flaming melds into your body.
Your +1 cloak melds into your body.
Your +2 hat melds into your body.
Your +0 pair of boots melds into your body.
Your +1 kite shield of fire resistance melds into your body.
Your +3 chain mail of fire resistance melds into your body.
Your +6 ring of strength melds into your body.
Your +4 ring of protection melds into your body.
Your +2 demon trident of flaming stops flaming.
You feel less resistant to fire. x2
You feel weaker.
You closely miss something. The hog completely misses you. The hog bites you!
Something barely misses you.
You hit something. The hog bites you. The hog bites you!
The hog closely misses you. Something hits you. You block the hog's attack.
You hit something. The hog closely misses you.
You hear some strange, mumbled words.
Something summons a manticore!
The hog bites you! The hog barely misses you. The hog closely misses you.
The hog closely misses you.
You hear some strange, mumbled words.
You feel a momentary urge to oink. The hog misses you.
The hog completely misses you. The hog barely misses you. Something hits you!
The hog bites you. The hog completely misses you. The hog misses you.
The manticore flicks its tail.
The volley of spikes hits something!
The hog closely misses you. Something hits you. The hog misses you.
The hog closely misses you.
You hear some strange, mumbled words.
You feel a momentary urge to oink. You block the hog's attack.
You hear some strange, mumbled words.
Something tries to affect you, but you resist.
You hear some strange, mumbled words.
Something summons a lindwurm!
The hog bites you! The hog misses you. Something hits you!
You hear some strange, mumbled words.
Something tries to affect you, but you resist.
You hear some strange, mumbled words.
You feel yourself slow down.
Something misses you. x2; Something hits you!
* * * LOW HITPOINT WARNING * * *
Activating: Slouch (1% risk of failure)
You can feel time thicken for a moment.
You kill the hog!
Cheibriados thoroughly appreciates the change of pace.
You kill the hog!
Cheibriados thoroughly appreciates the change of pace.
You kill the hog!
Cheibriados thoroughly appreciates the change of pace.
Your transformation is almost over.
Something hits you!
* * * LOW HITPOINT WARNING * * *
Something hits you!
You die...

. ..
...#####################
.....†....k.H†h{h.......
......<....#############
...#.......#
.......)...#
...#.......#
######......$..
#..........#
#..........#
#.####.#....


You could see a manticore (summoned), a lindwurm (summoned) and a hog.

Vanquished Creatures
  A boulder beetle (Lair:3)
  6 hydras
  4 catoblepae
  3 two-headed ogres
  11 death yaks
  A deep troll shaman (Lair:6)
  2 skeletal warriors (Volcano)
  A deep elf pyromancer (D:12)
  A lindwurm (Lair:6)
  2 cyclopes
  A wolf spider (Lair:4)
  4 elephants (Lair:6)
  3 black mambas
  A merfolk siren (Lair:3)
  4 gargoyles
  14 cane toads
  5 rime drakes
  An unseen horror (D:11)
  A torpor snail (Lair:6)
  8 komodo dragons
  3 kobold demonologists
  3 trolls
  3 polar bears
  A harpy skeleton (Volcano)
  6 slime creatures (D:12)
  13 blink frogs
  3 flying skulls (Volcano)
  2 shadows
  A wyvern (Lair:1)
  An alligator skeleton (Volcano)
  Sigmund (D:5)
  8 spriggans (D:8)
  A wraith (D:6)
  4 hogs (D:13)
  A steam dragon (D:7)
  45 yaks
  3 basilisks
  8 vampire mosquitoes
  3 nagas (Lair:2)
  An acid dragon (D:12)
  21 water moccasins
  Duvessa (D:7)
  3 orc warriors
  3 ice beasts
  5 black bears
  4 necrophages
  2 sky beasts (D:6)
  3 ogres
  10 centaurs
  34 wolves
  A phantom (D:5)
  Blork the orc (D:6)
  3 kobold brigands
  13 bullfrogs
  4 scorpions
  A water moccasin zombie (D:7)
  A wyvern skeleton (D:7)
  Dowan (D:7)
  10 killer bees
  A spriggan skeleton (Volcano)
  A troll skeleton (Volcano)
  14 wights
  3 electric eels (Lair:3)
  4 centaur zombies
  4 howler monkeys
  A bullfrog zombie (D:5)
  A hound (D:6)
  6 orc priests
  A bullfrog skeleton (D:6)
  A gnoll shaman (D:10)
  8 orc wizards
  A killer bee zombie (D:7)
  A naga skeleton (Volcano)
  4 gnolls
  2 howler monkey skeletons
  A howler monkey zombie (D:9)
  4 adders
  A shadow imp (D:7)
  2 white imps (D:7)
  An ufetubus (D:7)
  A worm (D:2)
  2 dart slugs
  63 orcs
  3 ball pythons
  3 endoplasms
  4 giant cockroaches
  5 goblins
  7 hobgoblins
  16 kobolds
  3 quokkas
  2 bats
  A frilled lizard (D:1)
  4 rats
482 creatures vanquished.

Vanquished Creatures (others)
  A kobold (D:11)
  27 fungi
  35 plants
63 creatures vanquished.

Grand Total: 545 creatures vanquished

Notes
Turn   | Place    | Note
-------+----------+-------------------------------------------
     0 | D:1      | dipablo the Gnoll Fighter began the quest for the Orb.
     0 | D:1      | Reached XP level 1. HP: 23/23 MP: 1/1
   108 | D:1      | Reached XP level 2. HP: 28/29 MP: 2/2
   894 | D:2      | HP: 7/29 [poisoned by an adder]
   895 | D:2      | Reached XP level 3. HP: 9/35 MP: 3/3
   899 | D:2      | HP: 3/35 [poisoned by an adder]
  1481 | D:2      | Reached skill level 1 in Invocations
  1639 | D:3      | Reached skill level 1 in Short Blades
  1639 | D:3      | Reached skill level 1 in Long Blades
  1639 | D:3      | Reached skill level 1 in Maces & Flails
  1639 | D:3      | Reached skill level 1 in Polearms
  1639 | D:3      | Reached skill level 1 in Staves
  1639 | D:3      | Reached skill level 1 in Slings
  1639 | D:3      | Reached skill level 1 in Bows
  1639 | D:3      | Reached skill level 1 in Crossbows
  1639 | D:3      | Reached skill level 1 in Throwing
  1639 | D:3      | Reached skill level 1 in Dodging
  1639 | D:3      | Reached skill level 1 in Stealth
  1639 | D:3      | Reached skill level 1 in Unarmed Combat
  1639 | D:3      | Reached skill level 1 in Spellcasting
  1639 | D:3      | Reached skill level 1 in Evocations
  1679 | D:3      | Found a faded altar of an unknown god.
  1733 | D:3      | Reached XP level 4. HP: 41/41 MP: 5/5
  2207 | D:3      | HP: 3/41 [orc priest/nerve-wracking pain (13)]
  2211 | D:3      | Reached skill level 1 in Conjurations
  2211 | D:3      | Reached skill level 1 in Hexes
  2211 | D:3      | Reached skill level 1 in Summonings
  2211 | D:3      | Reached skill level 1 in Necromancy
  2211 | D:3      | Reached skill level 1 in Translocations
  2211 | D:3      | Reached skill level 1 in Transmutations
  2211 | D:3      | Reached skill level 1 in Fire Magic
  2211 | D:3      | Reached skill level 1 in Ice Magic
  2211 | D:3      | Reached skill level 1 in Air Magic
  2211 | D:3      | Reached skill level 1 in Earth Magic
  2211 | D:3      | Reached skill level 1 in Poison Magic
  2485 | D:4      | Reached XP level 5. HP: 29/47 MP: 6/6
  2600 | D:4      | Found a staircase to the Ecumenical Temple.
  2613 | Temple   | Entered the Ecumenical Temple
  2698 | Temple   | Became a worshipper of Cheibriados the Contemplative
  3281 | D:5      | Entered Level 5 of the Dungeon
  3282 | D:5      | Noticed a necrophage
  3290 | D:5      | Killed a necrophage
  3291 | D:5      | Reached skill level 2 in Invocations
  3291 | D:5      | Reached XP level 6. HP: 53/53 MP: 8/8
  3295 | D:5      | Noticed a water moccasin
  3301 | D:5      | Killed a water moccasin
  3302 | D:5      | Reached skill level 2 in Short Blades
  3302 | D:5      | Reached skill level 2 in Long Blades
  3302 | D:5      | Reached skill level 5 in Axes
  3302 | D:5      | Reached skill level 2 in Maces & Flails
  3302 | D:5      | Reached skill level 2 in Polearms
  3302 | D:5      | Reached skill level 2 in Staves
  3302 | D:5      | Reached skill level 2 in Slings
  3302 | D:5      | Reached skill level 2 in Bows
  3302 | D:5      | Reached skill level 2 in Crossbows
  3302 | D:5      | Reached skill level 2 in Throwing
  3302 | D:5      | Reached skill level 2 in Dodging
  3302 | D:5      | Reached skill level 2 in Stealth
  3302 | D:5      | Reached skill level 2 in Unarmed Combat
  3302 | D:5      | Reached skill level 2 in Spellcasting
  3302 | D:5      | Reached skill level 2 in Evocations
  3335 | D:5      | Noticed a black bear
  3346 | D:5      | Killed a black bear
  3347 | D:5      | Reached XP level 7. HP: 44/59 MP: 10/10
  3372 | D:5      | Reached skill level 7 in Fighting
  3372 | D:5      | Reached skill level 7 in Armour
  3372 | D:5      | Reached skill level 7 in Shields
  3390 | D:5      | Noticed Sigmund
  3416 | D:5      | Killed Sigmund
  3417 | D:5      | Reached skill level 2 in Conjurations
  3417 | D:5      | Reached skill level 2 in Hexes
  3417 | D:5      | Reached skill level 2 in Summonings
  3417 | D:5      | Reached skill level 2 in Necromancy
  3417 | D:5      | Reached skill level 2 in Translocations
  3417 | D:5      | Reached skill level 2 in Transmutations
  3417 | D:5      | Reached skill level 2 in Fire Magic
  3417 | D:5      | Reached skill level 2 in Ice Magic
  3417 | D:5      | Reached skill level 2 in Air Magic
  3417 | D:5      | Reached skill level 2 in Earth Magic
  3417 | D:5      | Reached skill level 2 in Poison Magic
  3477 | D:5      | Reached skill level 3 in Invocations
  3583 | D:5      | Reached XP level 8. HP: 61/67 MP: 12/12
  3943 | D:5      | Reached * piety under Cheibriados
  3944 | D:5      | Reached skill level 3 in Short Blades
  3944 | D:5      | Reached skill level 3 in Long Blades
  3944 | D:5      | Reached skill level 3 in Maces & Flails
  3944 | D:5      | Reached skill level 3 in Polearms
  3944 | D:5      | Reached skill level 3 in Staves
  3944 | D:5      | Reached skill level 3 in Slings
  3944 | D:5      | Reached skill level 3 in Bows
  3944 | D:5      | Reached skill level 3 in Crossbows
  3944 | D:5      | Reached skill level 3 in Throwing
  3944 | D:5      | Reached skill level 3 in Dodging
  3944 | D:5      | Reached skill level 3 in Stealth
  3944 | D:5      | Reached skill level 3 in Unarmed Combat
  3944 | D:5      | Reached skill level 3 in Spellcasting
  3944 | D:5      | Reached skill level 3 in Evocations
  4246 | D:6      | Noticed Blork the orc
  4260 | D:6      | Killed Blork the orc
  4310 | D:6      | Reached skill level 3 in Conjurations
  4310 | D:6      | Reached skill level 3 in Hexes
  4310 | D:6      | Reached skill level 3 in Summonings
  4310 | D:6      | Reached skill level 3 in Necromancy
  4310 | D:6      | Reached skill level 3 in Translocations
  4310 | D:6      | Reached skill level 3 in Transmutations
  4310 | D:6      | Reached skill level 3 in Fire Magic
  4310 | D:6      | Reached skill level 3 in Ice Magic
  4310 | D:6      | Reached skill level 3 in Air Magic
  4310 | D:6      | Reached skill level 3 in Earth Magic
  4310 | D:6      | Reached skill level 3 in Poison Magic
  4310 | D:6      | Reached skill level 4 in Invocations
  4338 | D:6      | HP: 13/62 [sky beast (6)]
  4342 | D:6      | Reached skill level 6 in Axes
  4344 | D:6      | Reached XP level 9. HP: 14/72 MP: 14/14
  4771 | D:6      | Reached ** piety under Cheibriados
  4772 | D:6      | Reached skill level 4 in Short Blades
  4772 | D:6      | Reached skill level 4 in Long Blades
  4772 | D:6      | Reached skill level 4 in Maces & Flails
  4772 | D:6      | Reached skill level 4 in Polearms
  4772 | D:6      | Reached skill level 4 in Staves
  4772 | D:6      | Reached skill level 4 in Slings
  4772 | D:6      | Reached skill level 4 in Bows
  4772 | D:6      | Reached skill level 4 in Crossbows
  4772 | D:6      | Reached skill level 4 in Throwing
  4772 | D:6      | Reached skill level 4 in Dodging
  4772 | D:6      | Reached skill level 4 in Stealth
  4772 | D:6      | Reached skill level 4 in Unarmed Combat
  4772 | D:6      | Reached skill level 4 in Spellcasting
  4772 | D:6      | Reached skill level 4 in Evocations
  4819 | D:6      | Found a basalt altar of Yredelemnul.
  4819 | D:6      | Found an ancient bone altar of Kikubaaqudgha.
  4820 | D:6      | Found a bloodstained altar of Trog.
  5120 | D:6      | Reached skill level 8 in Fighting
  5120 | D:6      | Reached skill level 8 in Armour
  5120 | D:6      | Reached skill level 8 in Shields
  5251 | D:7      | Reached skill level 5 in Invocations
  5396 | D:7      | Reached *** piety under Cheibriados
  5513 | D:7      | Reached skill level 4 in Conjurations
  5513 | D:7      | Reached skill level 4 in Hexes
  5513 | D:7      | Reached skill level 4 in Summonings
  5513 | D:7      | Reached skill level 4 in Necromancy
  5513 | D:7      | Reached skill level 4 in Translocations
  5513 | D:7      | Reached skill level 4 in Transmutations
  5513 | D:7      | Reached skill level 4 in Fire Magic
  5513 | D:7      | Reached skill level 4 in Ice Magic
  5513 | D:7      | Reached skill level 4 in Air Magic
  5513 | D:7      | Reached skill level 4 in Earth Magic
  5513 | D:7      | Reached skill level 4 in Poison Magic
  5513 | D:7      | Reached XP level 10. HP: 70/73 MP: 17/17
  5729 | D:7      | Noticed Duvessa
  5731 | D:7      | Noticed Dowan
  5739 | D:7      | Killed Duvessa
  5750 | D:7      | Killed Dowan
  5751 | D:7      | Reached skill level 5 in Short Blades
  5751 | D:7      | Reached skill level 5 in Long Blades
  5751 | D:7      | Reached skill level 5 in Maces & Flails
  5751 | D:7      | Reached skill level 5 in Polearms
  5751 | D:7      | Reached skill level 5 in Staves
  5751 | D:7      | Reached skill level 5 in Slings
  5751 | D:7      | Reached skill level 5 in Bows
  5751 | D:7      | Reached skill level 5 in Crossbows
  5751 | D:7      | Reached skill level 5 in Throwing
  5751 | D:7      | Reached skill level 5 in Dodging
  5751 | D:7      | Reached skill level 5 in Stealth
  5751 | D:7      | Reached skill level 5 in Unarmed Combat
  5751 | D:7      | Reached skill level 5 in Spellcasting
  5751 | D:7      | Reached skill level 5 in Evocations
  6554 | D:8      | Reached skill level 7 in Axes
  6795 | D:8      | Noticed a two-headed ogre
  6815 | D:8      | HP: 20/82 [two-headed ogre (22)]
  6817 | D:8      | Killed a two-headed ogre
  6818 | D:8      | Reached skill level 6 in Invocations
  6820 | D:8      | HP: 16/82 [poisoned by a spriggan]
  6825 | D:8      | HP: 17/82 [poisoned by a spriggan]
  6950 | D:8      | Reached **** piety under Cheibriados
  7089 | D:8      | Found a shimmering blue altar of Sif Muna.
  7232 | D:8      | Noticed a kobold demonologist
  7237 | D:8      | Killed a kobold demonologist
  7238 | D:8      | Reached XP level 11. HP: 87/87 MP: 19/19
  7645 | D:9      | Noticed a two-headed ogre
  7661 | D:9      | Killed a two-headed ogre
  7662 | D:9      | Reached skill level 9 in Fighting
  7662 | D:9      | Reached skill level 6 in Short Blades
  7662 | D:9      | Reached skill level 6 in Long Blades
  7662 | D:9      | Reached skill level 6 in Maces & Flails
  7662 | D:9      | Reached skill level 6 in Polearms
  7662 | D:9      | Reached skill level 6 in Staves
  7662 | D:9      | Reached skill level 6 in Slings
  7662 | D:9      | Reached skill level 6 in Bows
  7662 | D:9      | Reached skill level 6 in Crossbows
  7662 | D:9      | Reached skill level 6 in Throwing
  7662 | D:9      | Reached skill level 9 in Armour
  7662 | D:9      | Reached skill level 6 in Dodging
  7662 | D:9      | Reached skill level 6 in Stealth
  7662 | D:9      | Reached skill level 9 in Shields
  7662 | D:9      | Reached skill level 6 in Unarmed Combat
  7662 | D:9      | Reached skill level 6 in Spellcasting
  7662 | D:9      | Reached skill level 6 in Evocations
  7772 | D:9      | Reached skill level 5 in Conjurations
  7772 | D:9      | Reached skill level 5 in Hexes
  7772 | D:9      | Reached skill level 5 in Summonings
  7772 | D:9      | Reached skill level 5 in Necromancy
  7772 | D:9      | Reached skill level 5 in Translocations
  7772 | D:9      | Reached skill level 5 in Transmutations
  7772 | D:9      | Reached skill level 5 in Fire Magic
  7772 | D:9      | Reached skill level 5 in Ice Magic
  7772 | D:9      | Reached skill level 5 in Air Magic
  7772 | D:9      | Reached skill level 5 in Earth Magic
  7772 | D:9      | Reached skill level 5 in Poison Magic
  7825 | D:9      | Learned a level 3 spell: Frozen Ramparts
  7993 | D:9      | Found a staircase to the Lair.
  8089 | D:9      | Found Kafemes's Jewellery Shop.
  8368 | D:10     | Entered Level 10 of the Dungeon
  8775 | D:10     | Found a runed translucent door.
  8776 | D:10     | Noticed GilGalad's ghost (novice MiFi)
  8805 | D:10     | Reached ***** piety under Cheibriados
  8933 | D:10     | Found a staircase to the Orcish Mines.
  9661 | Lair:1   | Entered Level 1 of the Lair of Beasts
  9684 | Lair:1   | Reached skill level 7 in Invocations
  9704 | Lair:1   | Noticed a four-headed hydra
  9717 | Lair:1   | Reached skill level 8 in Axes
  9760 | Lair:1   | Killed a one-headed hydra
  9814 | Lair:1   | Found a shimmering altar of Xom.
  9872 | Lair:1   | Noticed a spriggan berserker
  9878 | Lair:1   | Found a transporter.
  9882 | Lair:1   | Found a transporter.
  9883 | Lair:1   | Noticed danielguo94's ghost (journeyman GrFi)
  9887 | Lair:1   | Noticed a spriggan rider
  9888 | Lair:1   | Found a bloodstained altar of Trog.
  9898 | Lair:1   | Noticed a moth of wrath
 10010 | Lair:1   | Reached XP level 12. HP: 92/96 MP: 22/22
 10074 | Lair:1   | HP: 22/96 [komodo dragon (13)]
 10690 | Lair:1   | Reached skill level 7 in Short Blades
 10690 | Lair:1   | Reached skill level 7 in Long Blades
 10690 | Lair:1   | Reached skill level 7 in Maces & Flails
 10690 | Lair:1   | Reached skill level 7 in Polearms
 10690 | Lair:1   | Reached skill level 7 in Staves
 10690 | Lair:1   | Reached skill level 7 in Slings
 10690 | Lair:1   | Reached skill level 7 in Bows
 10690 | Lair:1   | Reached skill level 7 in Crossbows
 10690 | Lair:1   | Reached skill level 7 in Throwing
 10690 | Lair:1   | Reached skill level 7 in Dodging
 10690 | Lair:1   | Reached skill level 7 in Stealth
 10690 | Lair:1   | Reached skill level 7 in Unarmed Combat
 10690 | Lair:1   | Reached skill level 7 in Spellcasting
 10690 | Lair:1   | Reached skill level 7 in Evocations
 10698 | Lair:1   | Reached ****** piety under Cheibriados
 10868 | Lair:2   | Found a staircase to the Snake Pit.
 10931 | Lair:2   | Noticed a death yak
 10939 | Lair:2   | Reached skill level 6 in Conjurations
 10939 | Lair:2   | Reached skill level 6 in Hexes
 10939 | Lair:2   | Reached skill level 6 in Summonings
 10939 | Lair:2   | Reached skill level 6 in Necromancy
 10939 | Lair:2   | Reached skill level 6 in Translocations
 10939 | Lair:2   | Reached skill level 6 in Transmutations
 10939 | Lair:2   | Reached skill level 6 in Fire Magic
 10939 | Lair:2   | Reached skill level 6 in Ice Magic
 10939 | Lair:2   | Reached skill level 6 in Air Magic
 10939 | Lair:2   | Reached skill level 6 in Earth Magic
 10939 | Lair:2   | Reached skill level 6 in Poison Magic
 10947 | Lair:2   | Noticed a death yak
 10947 | Lair:2   | Noticed a death yak
 10947 | Lair:2   | Noticed a death yak
 10947 | Lair:2   | Noticed a death yak
 10963 | Lair:2   | Killed a death yak
 10964 | Lair:2   | Reached skill level 8 in Invocations
 10966 | Lair:2   | Killed a death yak
 10972 | Lair:2   | Killed a death yak
 10973 | Lair:2   | Reached skill level 10 in Fighting
 10973 | Lair:2   | Reached skill level 10 in Armour
 10973 | Lair:2   | Reached skill level 10 in Shields
 10975 | Lair:2   | Killed a death yak
 10981 | Lair:2   | Killed a death yak
 11390 | Lair:2   | Reached skill level 9 in Axes
 12112 | Lair:3   | Found a dark tunnel.
 12151 | Volcano  | Entered a volcano
 12443 | Volcano  | Identified a scroll of acquirement
 12444 | Volcano  | Acquired 642 gold pieces
 12471 | Volcano  | Reached XP level 13. HP: 67/103 MP: 24/24
 12680 | Volcano  | Reached skill level 8 in Short Blades
 12680 | Volcano  | Reached skill level 8 in Long Blades
 12680 | Volcano  | Reached skill level 8 in Maces & Flails
 12680 | Volcano  | Reached skill level 8 in Polearms
 12680 | Volcano  | Reached skill level 8 in Staves
 12680 | Volcano  | Reached skill level 8 in Slings
 12680 | Volcano  | Reached skill level 8 in Bows
 12680 | Volcano  | Reached skill level 8 in Crossbows
 12680 | Volcano  | Reached skill level 8 in Throwing
 12680 | Volcano  | Reached skill level 8 in Dodging
 12680 | Volcano  | Reached skill level 8 in Stealth
 12680 | Volcano  | Reached skill level 8 in Unarmed Combat
 12680 | Volcano  | Reached skill level 8 in Spellcasting
 12680 | Volcano  | Reached skill level 8 in Evocations
 13182 | Lair:3   | HP: 21/104 [catoblepas/blast of calcifying dust (11)]
 13187 | Lair:3   | HP: 20/104 [catoblepas (2)]
 13193 | Lair:3   | HP: 13/104 [catoblepas (17)]
 13195 | Lair:3   | Reached skill level 9 in Invocations
 13735 | Lair:3   | Identified the +8 falchion "Killer Bee's Regret" {flame,
                  | rF- Will+ Str+2 SInv}
 13756 | Lair:3   | Found a staircase to the Shoals.
 14217 | Lair:4   | Reached skill level 7 in Conjurations
 14217 | Lair:4   | Reached skill level 7 in Hexes
 14217 | Lair:4   | Reached skill level 7 in Summonings
 14217 | Lair:4   | Reached skill level 7 in Necromancy
 14217 | Lair:4   | Reached skill level 7 in Translocations
 14217 | Lair:4   | Reached skill level 7 in Transmutations
 14217 | Lair:4   | Reached skill level 7 in Fire Magic
 14217 | Lair:4   | Reached skill level 7 in Ice Magic
 14217 | Lair:4   | Reached skill level 7 in Air Magic
 14217 | Lair:4   | Reached skill level 7 in Earth Magic
 14217 | Lair:4   | Reached skill level 7 in Poison Magic
 16230 | Lair:6   | Entered Level 6 of the Lair of Beasts
 16703 | Lair:6   | Reached skill level 11 in Fighting
 16703 | Lair:6   | Reached skill level 10 in Axes
 16703 | Lair:6   | Reached skill level 11 in Armour
 16703 | Lair:6   | Reached skill level 11 in Shields
 16725 | Lair:6   | Reached XP level 14. HP: 113/113 MP: 26/26
 17125 | Lair:6   | Reached skill level 9 in Short Blades
 17125 | Lair:6   | Reached skill level 9 in Long Blades
 17125 | Lair:6   | Reached skill level 9 in Maces & Flails
 17125 | Lair:6   | Reached skill level 9 in Polearms
 17125 | Lair:6   | Reached skill level 9 in Staves
 17125 | Lair:6   | Reached skill level 9 in Slings
 17125 | Lair:6   | Reached skill level 9 in Bows
 17125 | Lair:6   | Reached skill level 9 in Crossbows
 17125 | Lair:6   | Reached skill level 9 in Throwing
 17125 | Lair:6   | Reached skill level 9 in Dodging
 17125 | Lair:6   | Reached skill level 9 in Stealth
 17125 | Lair:6   | Reached skill level 9 in Unarmed Combat
 17125 | Lair:6   | Reached skill level 9 in Spellcasting
 17125 | Lair:6   | Reached skill level 9 in Evocations
 17128 | Lair:6   | Got the Handbook of Conjuration
 17405 | Lair:6   | Reached skill level 10 in Invocations
 17713 | Lair:6   | Found a viscous altar of Jiyva.
 17714 | Lair:6   | Found a staircase to the Slime Pits.
 18707 | D:11     | Found Qiosm's General Store.
 19336 | D:12     | Reached skill level 8 in Conjurations
 19336 | D:12     | Reached skill level 8 in Hexes
 19336 | D:12     | Reached skill level 8 in Summonings
 19336 | D:12     | Reached skill level 8 in Necromancy
 19336 | D:12     | Reached skill level 8 in Translocations
 19336 | D:12     | Reached skill level 8 in Transmutations
 19336 | D:12     | Reached skill level 8 in Fire Magic
 19336 | D:12     | Reached skill level 8 in Ice Magic
 19336 | D:12     | Reached skill level 8 in Air Magic
 19336 | D:12     | Reached skill level 8 in Earth Magic
 19336 | D:12     | Reached skill level 8 in Poison Magic
 19957 | D:13     | Identified the +7 arbalest of the Wheel {flame, rElec Str+8
                  | Dex-3}
 19961 | D:13     | Noticed Kirke
 19978 | D:13     | HP: 19/113 [something (17)]
 19979 | D:13     | HP: 9/113 [something (11)]
 19979 | D:13     | Mangled by Kirke

Illustrated notes

Levels and vault maps discovered:
D:1:      scummos_arrival_gate, layout_basic,
          nicolae_concentric_dashed_squares_wild
D:2:      layout_rooms
D:3:      layout_basic, hellmonk_ecumenical_altar_zigzags
D:4:      layout_basic, minmay_temple_entry_hall, dk_noncrumbling_4,
          kennysheep_cluttered_room, st_stairs_14, corexii_shack
D:5:      layout_loops_cross, kennysheep_opposing_triangles, uniq_sigmund
D:6:      layout_rooms, minitemple, uniq_blork_the_orc
D:7:      hangedman_cross_stitches, layout_loops_corners,
          nicolae_underground_beach, uniq_duvessa
D:8:      kb_forest_paths, layout_loops_corners, lemuel_doored_altar,
          roderic_lattice_a
D:9:      layout_roguey, lair_entry_dummy, serial_rivers,
          chequers_serial_rivers_micro_c, chequers_serial_rivers_micro_d,
          chequers_serial_rivers_micro_a, chequers_serial_rivers_room_b,
          serial_shops, nicolae_shop_trees
D:10:     layout_loops_ring, hiddenorc2_lemuel, hellmonk_ghost_happy_afterlife
D:11:     layout_rooms, serial_shops, nicolae_shop_crystal
D:12:     layout_roguey
D:13:     layout_rooms, grunt_vaults_entry_tiered, uniq_nessos, uniq_kirke
Temple:   dpeg_five_rooms_temple
Lair:1:   layout_misc_corridors, gammafunk_ghost_wrathful_warriors, basic_altar,
          small_statue_intersection
Lair:2:   layout_cave_pods, minmay_snake_entry_guardpost_small,
          portal_ice_cave_entry_pillars_1
Lair:3:   layout_chaotic_city, minmay_shoals_entry_lonely_mermaid,
          enter_volcano_2, guppyfry_lair_drakes, lemuel_fruit_fields,
          serial_bayou_shore_a, infiniplex_staircase_pool
Lair:4:   layout_regular_city, nicolae_lair_run_with_the_wolves,
          grunt_megastairs_3, serial_bayou_shore_b
Lair:5:   layout_regular_city, chequers_serial_rivers_large_a
Lair:6:   grunt_lair_end_beastmaster, layout_regular_city, slime_altar_1,
          serial_bayou_pond_d, lemuel_fruit_fields

Skill      XL: |  1  2  3  4  5  6  7  8  9 10 11 12 13 14 |
---------------+-------------------------------------------+-----
Invocations    | 1 2 3 4 5 6 7 8 9 10 | 10.5
Short Blades   | 1 2 3 4 5 6 7 8 9 |  9.6
Long Blades    | 1 2 3 4 5 6 7 8 9 |  9.6
Maces & Flails | 1 2 3 4 5 6 7 8 9 |  9.6
Polearms       | 1 2 3 4 5 6 7 8 9 |  9.6
Staves         | 1 2 3 4 5 6 7 8 9 |  9.6
Slings         | 1 2 3 4 5 6 7 8 9 |  9.6
Bows           | 1 2 3 4 5 6 7 8 9 |  9.6
Crossbows      | 1 2 3 4 5 6 7 8 9 |  9.6
Throwing       | 1 2 3 4 5 6 7 8 9 |  9.6
Dodging        | 1 2 3 4 5 6 7 8 9 |  9.6
Stealth        | 1 2 3 4 5 6 7 8 9 |  9.6
Unarmed Combat | 1 2 3 4 5 6 7 8 9 |  9.6
Spellcasting   | 1 2 3 4 5 6 7 8 9 |  9.6
Evocations     | 1 2 3 4 5 6 7 8 9 |  9.6
Conjurations   | 1 2 3 4 5 6 7 8 |  8.0
Hexes          | 1 2 3 4 5 6 7 8 |  8.0
Summonings     | 1 2 3 4 5 6 7 8 |  8.0
Necromancy     | 1 2 3 4 5 6 7 8 |  8.0
Translocations | 1 2 3 4 5 6 7 8 |  8.0
Transmutations | 1 2 3 4 5 6 7 8 |  8.0
Fire Magic     | 1 2 3 4 5 6 7 8 |  8.0
Ice Magic      | 1 2 3 4 5 6 7 8 |  8.0
Air Magic      | 1 2 3 4 5 6 7 8 |  8.0
Earth Magic    | 1 2 3 4 5 6 7 8 |  8.0
Poison Magic   | 1 2 3 4 5 6 7 8 |  8.0
Axes           | 5 6 7 8 9 10 | 10.7
Fighting       | 7 8 9 10 11 | 11.6
Armour         | 7 8 9 10 11 | 11.6
Shields        | 7 8 9 10 11 | 11.6

Action                   |  1- 3 |  4- 6 |  7- 9 | 10-12 | 13-15 || total
-------------------------+-------+-------+-------+-------+-------++-------
Melee: War axe           |    95 |    18 |       |   269 |    35 ||   417
       Bite              |     8 |    10 |    44 |    99 |   103 ||   264
       Dagger            |       |    71 |   383 |   544 |       ||   998
       Hand axe          |       |       |       |     9 |       ||     9
       Demon trident     |       |       |       |       |   578 ||   578
       Unarmed           |       |       |       |       |     3 ||     3
Throw: Dart              |       |       |       |     1 |     2 ||     3
       Boomerang         |       |       |       |     3 |    26 ||    29
       Javelin           |       |       |       |       |     2 ||     2
 Cast: Frozen Ramparts   |       |       |       |       |     9 ||     9
Invok: Slouch            |       |       |       |     3 |     8 ||    11
Evoke: Wand              |       |       |       |     6 |     5 ||    11
  Use: Potion            |       |     1 |     1 |     3 |     1 ||     6
       Scroll            |       |       |       |     9 |     5 ||    14
 Stab: Paralysed         |       |       |       |     1 |       ||     1
       Distracted        |       |       |       |     1 |     4 ||     5
       Sleeping          |       |       |       |     1 |     2 ||     3
       Petrified         |       |       |       |       |     2 ||     2
       Petrifying        |       |       |       |       |     1 ||     1
Armor: Scale mail        |    45 |    47 |    24 |       |       ||   116
       Plate armour      |       |       |   159 |   107 |       ||   266
       Chain mail        |       |       |       |    91 |   210 ||   301
Dodge: Dodged            |    40 |    34 |   104 |   219 |   305 ||   702
Block: Buckler           |    19 |    28 |    14 |       |       ||    61
       Kite shield       |       |       |   293 |   767 |   780 ||  1840
       Reflection        |       |       |       |     8 |     9 ||    17
       Other             |       |       |       |       |     2 ||     2

Table legend: (Time is in decaauts)
 A = Elapsed time spent in this place.
 B = Non-inter-level travel time spent in this place.
 C = Inter-level travel time spent in this place.
 D = Time resting spent in this place.
 E = Time spent auto-exploring this place.
 F = Levels seen in this place.
 G = Mean time per level.
                   A        B        C        D        E       F      G
               +--------+--------+--------+--------+--------+-----+--------+
         Total |  28240 |  26584 |   1656 |   2521 |  18677 |  21 | 1344.8 |
       Dungeon |  14784 |  14018 |    766 |    575 |  10838 |  13 | 1137.2 |
        Temple |    311 |    250 |     61 |      0 |    229 |   1 |  311.0 |
          Lair |  12034 |  11206 |    828 |   1408 |   7577 |   6 | 2005.7 |
       Volcano |   1108 |   1108 |      0 |    537 |     31 |   1 | 1108.0 |
               +--------+--------+--------+--------+--------+-----+--------+

Top non-repeatable levels by time:
  Lair:5: 2219 daAuts
  Lair:6: 2112 daAuts
  Lair:2: 2095 daAuts
     D:8: 1986 daAuts
  Lair:4: 1936 daAuts
  Lair:1: 1890 daAuts
    D:10: 1838 daAuts
  Lair:3: 1780 daAuts
     D:7: 1682 daAuts
    D:12: 1584 daAuts
     D:9: 1287 daAuts
     D:6: 1141 daAuts
     D:5: 1118 daAuts
 Volcano: 1108 daAuts
    D:11: 938 daAuts

Table legend:
 A = Kills in this place as a percentage of kills in entire the game.
 B = Kills by you in this place as a percentage of kills by you in the entire game.
 C = Kills by friends in this place as a percentage of kills by friends in the entire game.
 D = Other kills in this place as a percentage of other kills in the entire game.
 E = Experience gained in this place as a percentage of experience gained in the entire game.
 F = Experience gained in this place divided by the number of levels of this place that you have seen.
                   A       B       C       D       E      F
               +-------+-------+-------+-------+-------+----------------------
         Total | 100.0 | 100.0 |   N/A |   N/A | 100.0 | 3992.1
       Dungeon |  59.3 |  59.3 |   N/A |   N/A |  30.7 | 1980.1
          Lair |  38.0 |  38.0 |   N/A |   N/A |  64.5 | 9014.2
       Volcano |   2.7 |   2.7 |   N/A |   N/A |   4.8 | 4008.0
               +-------+-------+-------+-------+-------+----------------------
